 Dungeon Crawl Stone Soup version 0.12.2-12-gd1dd697 (console) character file.

1340 JeansNorth the Chopper (level 8, -2/64 HPs)
             Began as a Hill Orc Abyssal Knight on July 18, 2013.
             Was an Elder of Lugonu.
             Slain by Prince Ribbit (7 damage)
             ... on Level 6 of the Dungeon.
             The game lasted 01:17:15 (6050 turns).

JeansNorth the Chopper (Hill Orc Abyssal Knight)    Turns: 6050, Time: 01:17:15

HP  -2/64        AC 12     Str 17      XL: 8   Next: 34%
MP   9/11        EV  9     Int 12      God: Lugonu [****..]
Gold 220         SH 10     Dex 10      Spells:  0 memorised,  9 levels left

Res.Fire  : . . .   See Invis. : .   a - +2 orc hand axe {=f}
Res.Cold  : . . .   Warding    : .   D - +2 orc ring mail
Life Prot.: . . .   Conserve   : .   V - +0 elf buckler
Res.Poison: .       Res.Corr.  : .   O - +0 helmet
Res.Elec. : .       Clarity    : .   r - +0 cloak
Sust.Abil.: . .     Spirit.Shd : .   (no gloves)
Res.Mut.  : .       Stasis     : .   N - +0 pair of orc boots
Res.Rott. : .       Ctrl.Telep.: .   (no amulet)
Saprovore : + . .   Flight     : .   (no ring)
                                     (no ring)

@: slightly resistant to hostile enchantments, very unstealthy
A: saprovore 1
a: Depart the Abyss, Bend Space, Banish, Corrupt, Renounce Religion


You were on level 6 of the Dungeon.
You worshipped Lugonu.
Lugonu was extremely pleased with you.
You were not hungry.

You visited 1 branch of the dungeon, and saw 6 of its levels.
You visited the Abyss 1 time.

You collected 200 gold pieces.

Inventory:

Hand weapons
 a - a +2,+2 orcish hand axe (weapon) {=f}
 k - a +0,+0 sling
 p - a +3,+4 quarterstaff of chaos
 y - a +0,+3 hammer
 K - a -1,+0 orcish hand axe
 L - a -1,+4 orcish dagger
 P - a +0,+0 scythe
 R - a cursed -3,-2 sling
 T - a cursed -1 orcish blowgun
Missiles
 i - 83 darts (quivered)
 E - 27 sling bullets
 J - 16 arrows
 M - 12 bolts
 U - 43 poisoned needles
 Z - a needle of sleeping
Armour
 r - a +0 cloak (worn)
 u - a +0 large shield
 D - a +2 orcish ring mail (worn)
 N - a +0 pair of orcish boots (worn)
 O - a +0 helmet (worn)
 Q - a +0 plate armour
 V - a +0 elven buckler (worn)
Magical devices
 S - a wand of teleportation (1)
Comestibles
 c - 3 meat rations
 o - 3 apples
 C - a bread ration
Scrolls
 e - a scroll of fog {unknown}
 f - a scroll of noise
 h - 2 scrolls of teleportation {unknown}
 l - a scroll of blinking {unknown}
 m - 7 scrolls of remove curse
 n - 3 scrolls of enchant armour
 t - a scroll of amnesia {unknown}
 v - a scroll of fear
 x - 2 scrolls of enchant weapon II
 B - a scroll of enchant weapon I {unknown}
 H - a scroll of random uselessness {unknown}
Jewellery
 X - an uncursed amulet of faith
Potions
 b - a potion of heal wounds {unknown}
 d - a potion of magic {unknown}
 g - a potion of agility {unknown}
 j - a potion of cure mutation
 q - 2 potions of curing
 s - 2 potions of degeneration {unknown}
 w - 2 potions of might
 A - 5 potions of speed
 G - 3 potions of restore abilities
 W - a potion of resistance {unknown}
Books
 I - a book of Beasts

   Spells                             Type                      Level
   Summon Butterflies                 Summoning                    1
   Sticks to Snakes                   Transmutation                2
   Call Canine Familiar               Summoning                    3
   Ice Form                           Ice/Transmutation            4
   Summon Ice Beast                   Ice/Summoning                4
   Summon Hydra                       Summoning                    7
 Y - a book of Ice

   Spells                             Type                      Level
   Freezing Aura                      Charms/Ice                   2
   Ensorcelled Hibernation            Hexes/Ice                    2
   Ozocubu's Refrigeration            Ice                          6
   Bolt of Cold                       Conjuration/Ice              6
   Freezing Cloud                     Conjuration/Ice/Air          6
   Metabolic Englaciation             Hexes/Ice                    6
   Simulacrum                         Ice/Necromancy               6


   Skills:
 - Level 4.0 Fighting
 * Level 6.2 Axes
 + Level 0.8 Throwing
 + Level 4.1 Armour
 + Level 3.1 Dodging
 + Level 1.2 Stealth
 + Level 0.2 Stabbing
 * Level 5.4 Shields
 + Level 0.4 Traps
 * Level 1.3 Spellcasting
 + Level 2.8 Invocations


You had 9 spell levels left.
You didn't know any spells.

Dungeon Overview and Level Annotations

Branches:
Dungeon (6/27)
 Temple: D:4-7          Orc: D:6-11

Altars:
Kikubaaqudgha
Nemelex Xobeh
Zin

Annotations
D:6 Prince Ribbit
Abyss:1 Eustachio


Innate Abilities, Weirdness & Mutations

You can tolerate rotten meat.


Message History

Use which ability? (? or * to list)
Okay, then.
Use which ability? (? or * to list) Space bends around you!
You blink.
* * * LOW HITPOINT WARNING * * *
You feel slightly more hungry.
Prince Ribbit catches a mosquito with his tongue.
Press: ? - help, v - describe, . - travel
Here: Prince Ribbit (severely wounded)
A floor.
Quivering
z - an orcish hand axe for throwing.
Throwing (i - inventory. (,) - cycle):
z - an orcish hand axe (quivered)
Press: ? - help, Shift-Dir - straight line, f/p - Prince Ribbit
Aim: Prince Ribbit (severely wounded)
You throw an orcish hand axe.
Prince Ribbit momentarily phases out as the orcish hand axe passes through him.
You hit Prince Ribbit.
Prince Ribbit is severely wounded.
Prince Ribbit hits you!
You die...

##.(...### #.... #####......#.#
##... ######............#
##.... #......)..........###
#.....
#..........)#.......####.##..
#...##....%...........#.##.###.
#.. #..................##.###.
# .........F.....#....#..##.#
...........@...##..........#
...........?....##.#..#.###.#
...............##.#.##.# #..
..............#.####### ...
............. ... .............
.... ........... ....
.......... ..... ... . ...


You could see Prince Ribbit.

Vanquished Creatures
  The ghost of Aryth the Grave Robber, an average DsNe (D:3)
  Menkaure (D:6)
  An ice beast (D:5)
  An ogre (D:4)
  A phantom (D:5)
  Sigmund (D:3)
  A hound (D:4)
  A crimson imp (D:5)
  Crazy Yiuf (D:2)
  An iron imp (D:5)
  A hound skeleton (D:5)
  3 orc wizards
  A worker ant (D:5)
  Jessica (D:3)
  A jelly (D:5)
  Terence (D:2)
  8 adders
  A shadow imp (D:5)
  A lemure (D:5)
  An adder skeleton (D:5)
  2 worms
  An ufetubus (D:5)
  3 bat zombies (D:3)
  3 giant geckos (D:2)
  3 oozes
  15 orcs
  3 giant cockroaches
  2 grey rats (D:5)
  14 hobgoblins
  4 jackals (D:5)
  11 kobolds
  2 ball pythons
  8 bats
  4 giant newts
  14 goblins
  An orc zombie (D:5)
  3 quokkas
  13 rats
  2 rat zombies (D:3)
137 creatures vanquished.

Vanquished Creatures (others)
  A rat (D:5)
1 creature vanquished.

Grand Total: 138 creatures vanquished

Notes
Turn   | Place    | Note
--------------------------------------------------------------
     0 | Abyss:1  | JeansNorth, the Hill Orc Abyssal Knight, began the quest for the Orb.
     0 | Abyss:1  | Reached XP level 1. HP: 17/17 MP: 1/1
    52 | Abyss:1  | Noticed a ynoxinul
    73 | D:1      | Escaped the Abyss
   141 | D:1      | Acquired Lugonu's first power
   177 | D:1      | Reached XP level 2. HP: 16/24 MP: 2/2
   347 | D:1      | Reached skill level 4 in Fighting
   383 | D:1      | Reached skill level 1 in Dodging
   549 | D:1      | Reached XP level 3. HP: 22/30 MP: 4/4
   801 | D:1      | Acquired Lugonu's second power
  1042 | D:2      | Noticed Crazy Yiuf
  1054 | D:2      | Killed Crazy Yiuf
  1054 | D:2      | Reached skill level 1 in Shields
  1054 | D:2      | Reached XP level 4. HP: 31/38 MP: 5/5
  1085 | D:2      | Noticed Terence
  1099 | D:2      | Killed Terence
  1338 | D:2      | Reached XP level 5. HP: 23/44 MP: 7/7
  1400 | D:2      | Found a glowing silver altar of Zin.
  1911 | D:3      | Found an ancient bone altar of Kikubaaqudgha.
  1919 | D:3      | Acquired Lugonu's third power
  1955 | D:3      | Noticed Aryth's ghost (average DsNe)
  1973 | D:3      | Killed Aryth's ghost
  1973 | D:3      | Reached XP level 6. HP: 13/51 MP: 8/8
  2405 | D:3      | Noticed Jessica
  2411 | D:3      | Killed Jessica
  2411 | D:3      | Reached skill level 1 in Stealth
  2431 | D:3      | Found a sparkling altar of Nemelex Xobeh.
  2507 | D:3      | Noticed Sigmund
  2558 | D:3      | Killed Sigmund
  2558 | D:3      | Reached skill level 5 in Axes
  2560 | D:3      | HP: 2/51 [goblin/ stone (3)]
  2565 | D:3      | HP: 2/51 [goblin/ stone]
  2577 | D:3      | HP: 2/51 [poison (a needle trap)]
  3362 | D:4      | Reached XP level 7. HP: 12/57 MP: 10/10
  4276 | D:5      | Entered Level 5 of the Dungeon
  4393 | D:5      | Noticed Eustachio
  4454 | D:5      | Banished Eustachio
  4752 | D:5      | Reached skill level 5 in Shields
  4794 | D:5      | Reached skill level 1 in Spellcasting
  4794 | D:5      | Reached XP level 8. HP: 49/64 MP: 11/11
  4997 | D:5      | Acquired Lugonu's fourth power
  5466 | D:5      | Reached skill level 6 in Axes
  5628 | D:6      | Noticed Menkaure
  5645 | D:6      | Killed Menkaure
  6028 | D:6      | Noticed Prince Ribbit
  6050 | D:6      | Slain by Prince Ribbit

Action                   |  1- 3 |  4- 6 |  7- 9 || total
-------------------------+-------+-------+-------++-------
Melee: Hand axe          |    74 |   185 |   265 ||   524
 Fire: Blowgun           |       |       |    10 ||    10
Throw: Spear             |     1 |     1 |     2 ||     4
       Hand axe          |     1 |       |     1 ||     2
Invok: Depart the Abyss  |     1 |       |       ||     1
       Bend Space        |       |     2 |     2 ||     4
       Banish            |       |       |     2 ||     2
  Use: Potion            |       |     3 |     1 ||     4
       Scroll            |       |     7 |     5 ||    12
 Stab: Sleeping          |     1 |       |       ||     1
